 Dungeon Crawl Stone Soup version 0.29.1-15-g9cfb28693d (webtiles) character file.

Game seed: 12677505241637112822

214 hawla the Firebug (level 6, -2/46 HPs)
             Began as a Meteoran Fire Elementalist on Feb 27, 2023.
             Slain by a gnoll
             ... wielding a +0 club
              (5 damage)
             ... on level 4 of the Dungeon.
             The game lasted 00:04:57 (817 turns).

hawla the Firebug (Meteoran Fire Elementalist)       Turns: 817, Time: 00:04:58

Health: -2/46      AC:  2    Str:  9    XL:     6   Next: 38%
Magic:  7/13       EV: 13    Int: 25    God:
Gold:   90         SH:  0    Dex: 15    Spells: 6/13 levels left

rFire   . . .      SeeInvis .   h - +0 long sword
rCold   . . .      Faith    .   (no shield)
rNeg    . . .      Spirit   .   a - +0 robe
rPois   .          Reflect  .   (no helmet)
rElec   .          Harm     .   (no cloak)
rCorr   .          Rampage  .   (no gloves)
Will    .....      Rnd*Tele +   (no boots)
Stlth   +.........              (no amulet)
HPRegen 0.15/turn               l - +6 ring of intelligence
MPRegen 0.13/turn               (no ring)

@: lethally poisoned (-2 -> -7), attractive, glowing, studying Earth Magic,
unable to read
A: sense surroundings 1, otherworldly, glowing, explore regen, camouflage 1,
teleportitis 1, inability to read after injury 1
a: no special abilities


You were on level 4 of the Dungeon.
You visited 1 branch of the dungeon, and saw 4 of its levels.

You collected 90 gold pieces.

Inventory:

Hand Weapons
 h - a +0 long sword (weapon)
Armour
 a - a +0 robe (worn)
Magical Staves
 m - a staff of conjuration
Jewellery
 l - a +6 ring of intelligence (left hand)
Wands
 k - a wand of flame (4)
Scrolls
 c - a scroll of amnesia {unknown}
 d - a scroll of fear {unknown}
 e - 2 scrolls of teleportation {unknown}
 f - 2 scrolls of identify {unknown}
 g - a scroll of blinking {unknown}
 i - 4 scrolls of magic mapping {unknown}
Potions
 b - a potion of magic
 n - 3 potions of brilliance


   Skills:
 - Level 0.6 Fighting
 - Level 0.8 Long Blades
 - Level 3.0 Dodging
 - Level 1.4 Stealth
 - Level 4.2 Spellcasting
 + Level 3.8 Conjurations
 - Level 5.2 Fire Magic


You had 6 spell levels left.
You knew the following spells:

 Your Spells              Type           Power      Damage    Failure   Level
a - Foxfire               Conj/Fire      100%       2x1d9     1%          1
b - Scorch                Fire           62%        2d8       1%          2
c - Flame Wave            Conj/Fire      27%        2d9       14%         4

Your spell library contained the following spells:

 Spells                   Type           Power      Damage    Failure   Level
 Conjure Flame            Conj/Fire      27%        6-21      4%          3
 Static Discharge         Conj/Air       14%        3-5/arc   6%          2
 Freeze                   Ice            20%        1d4       9%          1
 Summon Small Mammal      Summ           20%        N/A       9%          1
 Inner Flame              Hex/Fire       18%        N/A       9%          3
 Blink                    Tloc           10%        N/A       14%         2
 Lightning Bolt           Conj/Air       7%         1d19      75%         5
 Manifold Assault         Tloc           5%         N/A       94%         5
 Storm Form               Tmut/Air       2%         N/A       100%        7
 Maxwell's Capacitive Co  Air            2%         ∞         100%        8


Dungeon Overview and Level Annotations

Branches:
Dungeon (4/15) Zot: 1580
 Temple: D:4-7

Altars:
Sif Muna


Innate Abilities, Weirdness & Mutations

You passively map a small area around you.
You are easily found by Zot.
You glow in the dark.
You regain HP and MP as you explore.
Your skin changes colour to match your surroundings (Stealth+).
You are occasionally teleported next to monsters.
You occasionally lose the ability to read scrolls when taking damage.


Message History

You kill the kobold!
The foxfire hits the gnoll.
The gnoll is lightly wounded.
The foxfire hits the gnoll.
The gnoll is moderately wounded.
The gnoll hits you from afar with a +0 spear!
Casting: Scorch (safe; 1% risk of failure)
Confirm with . or Enter, or press ? or * to list all spells.
Flames lash the gnoll.
The gnoll is heavily wounded.
The gnoll's fire resistance burns away.
The gnoll closely misses you.
The gnoll hits you from afar with a +0 spear!
The gnoll completely misses you.
Casting: Scorch (safe; 1% risk of failure)
Confirm with . or Enter, or press ? or * to list all spells.
You conjure some foxfire!
The gnoll hits you with a +1 whip of venom.
You are poisoned.
The gnoll hits you with a +0 club!
You feel threatened and lose the ability to read scrolls!
The gnoll closely misses you. The gnoll hits you but does no damage.
Your magical contamination has completely faded away.
The gnoll attacks as you move away! The gnoll closely misses you.
You feel sick.
The foxfire hits the gnoll.
The gnoll is almost dead.
The foxfire hits the gnoll.
The gnoll is moderately wounded.
The gnoll hits you with a +0 club!
* * * LOW HITPOINT WARNING * * *
It was a potion of attraction.
You feel attractive to monsters.
You feel sick. The gnoll hits you with a +0 club.
* * * LOW HITPOINT WARNING * * *
The gnoll closely misses you.
The gnoll hits you from afar with a +0 halberd.
* * * LOW HITPOINT WARNING * * *
The gnoll is attracted toward you.
You cannot read scrolls in your current state!
The gnoll attacks as you move away! The gnoll hits you with a +0 club.
You die...

#.#.#).##..<........##.
#.#.##.#######......##.
#.#.##.....###........† *
, ..#.........###..)....#
, , .
##.........##........ *
#.........##........
#.........##.#.##### * ~
#.........##.#.#
#.g@......##.<.#####
##gg..........†.....
#..§g..............#
#)..).....#...#...#. ,
,#.................##
..............#..#..
............#....#.## ~
.................#.##. ,
,,~~..##.....####........


You could see 4 gnolls.

Vanquished Creatures
  An ogre (D:4)
  A howler monkey (D:4)
  An iguana (D:4)
  3 adders
  A dart slug (D:4)
  5 orcs
  A bat (D:1)
  4 endoplasms
  A giant cockroach (D:4)
  3 hobgoblins
  2 quokkas
  2 frilled lizards (D:2)
  8 goblins
  2 kobolds
  3 rats
38 creatures vanquished.

Vanquished Creatures (others)
  79 foxfires
79 creatures vanquished.

Grand Total: 117 creatures vanquished

Notes
Turn   | Place    | Note
-------+----------+-------------------------------------------
     0 | D:1      | hawla the Meteoran Fire Elementalist began the quest for
                  | the Orb.
     0 | D:1      | Reached XP level 1. HP: 14/14 MP: 5/5
   146 | D:2      | Reached XP level 2. HP: 20/20 MP: 3/6
   149 | D:2      | Learned a level 2 spell: Scorch
   180 | D:2      | Reached skill level 4 in Fire Magic
   188 | D:2      | Reached XP level 3. HP: 25/26 MP: 0/8
   554 | D:3      | Gained mutation: You occasionally lose the ability to read
                  | scrolls when taking damage. [potion of mutation]
   554 | D:3      | Gained mutation: Your skin changes colour to match your
                  | surroundings (Stealth+). [potion of mutation]
   554 | D:3      | Gained mutation: You are occasionally teleported next to
                  | monsters. [potion of mutation]
   555 | D:3      | Reached XP level 4. HP: 2/33 MP: 0/10
   579 | D:4      | Noticed an ogre
   584 | D:4      | Killed an ogre
   585 | D:4      | Reached skill level 5 in Fire Magic
   585 | D:4      | Reached XP level 5. HP: 27/39 MP: 5/12
   594 | D:4      | Learned a level 4 spell: Flame Wave
   623 | D:4      | Reached XP level 6. HP: 46/46 MP: 6/13
   670 | D:4      | Got An Introduction to Witchery
   768 | D:4      | Found a shimmering blue altar of Sif Muna.
   817 | D:4      | Slain by a gnoll

Illustrated notes

Levels and vault maps discovered:
D:1:      dpeg_arrival_tiny_g, layout_loops_ring,
          shapermc_ecumenical_altar_hornbeckon, minmay_surrounded
D:2:      layout_loops_corners
D:3:      layout_loops_cross, portal_sewer_entry_b, serial_park_tiny_1,
          chequers_garden
D:4:      layout_rooms, nicolae_sif_muna_little_library,
          mainiacjoe_overflow_catch_the_wave,
          yredelemnul_forgotten_temple_becter, minmay_manual_mess

Skill      XL: |  1  2  3  4  5  6 |
---------------+-------------------+-----
Fire Magic     | 4 5 |  5.2
Spellcasting   | 3 4 |  4.2
Dodging        | 3 |  3.0
Conjurations   | 2 3 |  3.8
Fighting       | |  0.6
Long Blades    | |  0.8
Stealth        | |  1.4

Action                   |  1- 3 |  4- 6 || total
-------------------------+-------+-------++-------
Melee: Unarmed           |     4 |       ||     4
       Long sword        |     8 |     2 ||    10
 Cast: Foxfire           |    21 |    25 ||    46
       Scorch            |     7 |     9 ||    16
  Use: Potion            |     1 |     2 ||     3
Armor: Robe              |     2 |     1 ||     3
Dodge: Dodged            |    12 |     9 ||    21
